 Dungeon Crawl Stone Soup version 0.14-a0-2061-g6c6fb9c (webtiles) character file.

296 Piginabag the Skirmisher (level 6, -1/45 HPs)
             Began as a Formicid Hunter on Jan 22, 2014.
             Killed by nerve-wracking pain
             ... invoked by an orc priest
              (6 damage)
             ... on Level 4 of the Dungeon.
             The game lasted 00:05:27 (2918 turns).

Piginabag the Skirmisher (Formicid Hunter)          Turns: 2918, Time: 00:05:27

HP  -1/45        AC 11     Str 17      XL: 6   Next: 27%
MP   6/6         EV  5     Int 10      God:
Gold 98          SH  7     Dex 13      Spells:  0 memorised,  5 levels left

rFire  + . .     SeeInvis +     b - +1 crossbow
rCold  + . .     Clarity  .     s - +0 chain mail
rNeg   . . .     Conserve .     x - +0 buckler
rPois  .         rCorr    .     (helmet unavailable)
rElec  +         rRot     .     (no cloak)
SustAb . .       Spirit   .     v - +0 pair of gloves
rMut   .         Warding  .     a - +0 pair of boots
Saprov . . .     Stasis   +     (no amulet)
MR     .....                    (no ring)
                                (no ring)

@: not resistant to hostile enchantments, extremely unstealthy
A: permanent stasis, dig shafts and tunnels, four strong arms, poison weakness,
antennae 3, exoskeleton 1
a: Dig, Shaft Self


You were on level 4 of the Dungeon.
You were not hungry.

You visited 1 branch of the dungeon, and saw 4 of its levels.

You collected 163 gold pieces.
You spent 65 gold pieces at shops.

Inventory:

Hand weapons
 b - a +1,+1 crossbow (weapon)
 r - a +0,+0 trident
Missiles
 c - 44 bolts (quivered)
Armour
 a - a +0 pair of boots (worn)
 s - a +0 chain mail (worn)
 v - a +0 pair of gloves (worn)
 x - a +0 buckler (worn)
Comestibles
 f - a bread ration
 j - 3 apples
 m - a meat ration
 n - a beef jerky
Scrolls
 d - a scroll of random uselessness {unknown}
 g - 2 scrolls of enchant armour {unknown}
 h - a scroll of blinking {unknown}
 k - a scroll of magic mapping {unknown}
 l - 5 scrolls of identify {unknown}
 p - a scroll of enchant weapon I {unknown}
 t - a scroll of immolation {unknown}
 u - a scroll of enchant weapon II {unknown}
 w - a scroll of recharging {unknown}
Potions
 e - a potion of resistance
 i - a potion of restore abilities
 o - a potion of curing {unknown}
 q - a potion of paralysis {unknown}


   Skills:
 + Level 4.9 Fighting
 + Level 2.0 Polearms
 - Level 4.0 Crossbows
 - Level 1.7 Dodging
 - Level 1.2 Stealth
 + Level 0.2 Shields


You had 5 spell levels left.
You didn't know any spells.

Dungeon Overview and Level Annotations

Branches:
Dungeon (4/16)
 Temple: D:4-7

Altars:
Sif Muna
Xom

Shops:
D:4 [


Innate Abilities, Weirdness & Mutations

Your are under a permanent stasis effect.
You can dig through walls and to a lower floor.
Your four strong arms can wield any weapon, most with a shield.
You are susceptible to poison.
You have a pair of large antennae on your head (SInv).
Your body is surrounded by an exoskeleton. (AC +1)


Message History

Press: ? - help, Shift-Dir - straight line, f - orc warrior
Aim: an orc warrior, wielding an orcish battleaxe and wearing an orcish chain mail You shoot a bolt.
The bolt misses the orc warrior.
The orc priest mumbles some strange prayers to Beogh against you.
Something smites you!
An orc comes into view.
The orc shouts!
The orc priest mumbles some strange prayers to Beogh against you.
Pain shoots through your body!
The orc priest calls down the wrath of Beogh upon you.
Something smites you!
* * * LOW HITPOINT WARNING * * *
Drink which item? (? for menu, Esc to quit)
You feel refreshed.
It was a potion of restore abilities.
Drink which item? (? for menu, Esc to quit)
You feel protected.
It was a potion of resistance.
The orc priest calls down the wrath of Beogh upon you.
Pain shoots through your body!
You die...

.# #.# #.#.##...# #.#.....###
.# #.# #.#.##...#
#........... .# #.#
#.#.##...# #...........
.####.###.#.##...#
#.........?
............##...#
#.......###
.##...###.#.##...####......(#
..............∩.............#
>##.........................#
.##...###.#.##..@####.#.....#
..........#.##...####.#.....#
..#######.#.##.o......##...#
.. #[#.##........# ... .
#.#.##........# ..
#.#.##..o.....#
.....#.o......#
...."........< ...$(.......


You could see an orc warrior, an orc priest and an orc.

Vanquished Creatures
  A hound (D:4)
  2 worker ants (D:4)
  Terence (D:3)
  3 adders
  A worm (D:2)
  A giant eyeball (D:4)
  2 oozes
  7 orcs
  11 bats
  4 giant cockroaches
  11 hobgoblins
  4 jackals (D:2)
  5 kobolds
  5 giant geckos
  5 giant newts
  8 goblins
  2 quokkas
  9 rats
  2 plants (D:1)
84 creatures vanquished.

Vanquished Creatures (others)
  An ogre (D:4)
  A giant frog (D:4)
  An orc priest (D:4)
  2 worker ants (D:4)
  2 orcs (D:4)
  A jackal (D:4)
  A rat (D:4)
9 creatures vanquished.

Grand Total: 93 creatures vanquished

Notes
Turn   | Place    | Note
--------------------------------------------------------------
     0 | D:1      | Piginabag, the Formicid Hunter, began the quest for the Orb.
     0 | D:1      | Reached XP level 1. HP: 13/13 MP: 1/1
   308 | D:1      | Reached XP level 2. HP: 17/19 MP: 2/2
   505 | D:1      | Reached XP level 3. HP: 23/25 MP: 3/3
   979 | D:2      | Reached XP level 4. HP: 31/31 MP: 4/4
  1187 | D:2      | Found a deep blue altar of Sif Muna.
  1727 | D:3      | Reached XP level 5. HP: 32/37 MP: 5/5
  1813 | D:3      | Noticed Terence
  1819 | D:3      | Killed Terence
  2504 | D:4      | Killed an ogre
  2513 | D:4      | Reached skill level 1 in Polearms
  2537 | D:4      | Reached XP level 6. HP: 35/45 MP: 6/6
  2816 | D:4      | Found a shimmering altar of Xom.
  2881 | D:4      | Found Yschol's Antique Armour Boutique.
  2890 | D:4      | Bought a buckler for 65 gold pieces
  2912 | D:4      | Noticed an orc warrior
  2918 | D:4      | Killed from afar by an orc priest

Action                   |  1- 3 |  4- 6 || total
-------------------------+-------+-------++-------
Melee: Short sword       |   242 |       ||   242
 Fire: Crossbow          |    51 |    99 ||   150
  Use: Potion            |       |     2 ||     2
